 Dungeon Crawl Stone Soup version 0.31.0-1-g2c135a0 (webtiles) character file.

Game seed: 14769439965189734388

1111 mdmota the Trooper (level 8, -3/60 HPs)
             Began as a Djinni Chaos Knight on Apr 11, 2024.
             Was a Plaything of Xom.
             Killed from afar by an electric eel (12 damage)
             ... with a bolt of electricity
             ... on level 6 of the Dungeon.
             The game lasted 00:19:07 (3411 turns).

mdmota the Trooper (Djinni Chaos Knight)            Turns: 3411, Time: 00:19:09

Health: -3/60      AC: 12    Str: 11    XL:     8   Next: 59%
Gold:   270        EV:  7    Int: 15    God:    Xom [..*...] SH:  0 Dex: 14

rFire   + + .        A - +0 morningstar
rCold   . . .        (no shield)
rNeg    . . .        C - +6 chain mail of a treasure trove {rC+}
rPois   ∞            (no helmet)
rElec   .            (no cloak)
rCorr   +            v - +0 pair of gloves
SInv    .            (boots unavailable)
Will    .....        j - amulet of regeneration Stlth
                     l - ring of resist corrosion
HPRegen 1.10/turn    (no ring)
MPRegen 0.00/turn

%: infuse magic (-4 HP)
@: flying
A: sickness immunity, fire resistance 2, cold vulnerability 1, float, innate
caster, HP casting, extra vitality 1, deformed body
a: Renounce Religion


You were on level 6 of the Dungeon.
You worshipped Xom.
You were a toy of Xom.
You visited 1 branch of the dungeon, and saw 6 of its levels.

You collected 270 gold pieces.

Inventory:

Hand Weapons
 a - a +0 mace of chaos
 k - a +1 heavy flail
 A - a +0 morningstar (weapon)
Missiles
 i - 8 poisoned darts (quivered)
 D - 6 darts of dispersal
Armour
 b - a +2 leather armour
 v - a +0 pair of gloves (worn)
 C - the +6 chain mail of a treasure trove (worn) {rC+}
   (You found it on level 5 of the Dungeon)

   rC+:       It protects you from cold.
Jewellery
 j - an amulet of regeneration (around neck)
 l - a ring of resist corrosion (left hand)
Talismans
 u - a serpent talisman
Wands
 s - a wand of paralysis (3)
 y - a wand of mindburst (11)
Scrolls
 c - a scroll of butterflies
 e - a scroll of torment {unknown}
 f - 2 scrolls of fog {unknown}
 m - 9 scrolls of identify {unknown}
 n - a scroll of poison {unknown}
 o - 2 scrolls of blinking {unknown}
 p - 2 scrolls of fear {unknown}
 r - 2 scrolls of immolation {unknown}
 t - a scroll of revelation {unknown}
 w - 3 scrolls of teleportation {unknown}
 x - a scroll of silence {unknown}
 B - a scroll of noise {unknown}
 E - a scroll of enchant armour {unknown}
 F - a scroll of vulnerability {unknown}
Potions
 d - a potion of haste {unknown}
 g - 2 potions of heal wounds {unknown}
 h - a potion of cancellation {unknown}
 q - a potion of might {unknown}
 z - a potion of degeneration {unknown}


   Skills:
 * Level 5.5 Fighting
 + Level 5.0 Maces & Flails
 + Level 3.1 Armour
 + Level 3.8 Dodging
 + Level 1.0 Stealth
 * Level 3.0 Spellcasting
 * Level 3.0 Conjurations
 * Level 3.0 Hexes
 * Level 3.0 Summonings
 * Level 3.0 Necromancy
 * Level 3.0 Translocations
 * Level 3.0 Fire Magic
 * Level 3.0 Ice Magic
 * Level 3.0 Air Magic
 * Level 3.0 Earth Magic
 * Level 3.0 Alchemy


You knew the following spells:

 Your Spells              Type           Power      Damage    Failure   Level
a - Magic Dart            Conj           44%        1d5       86%         1
b - Static Discharge      Conj/Air       22%        3-4/arc   94%         2
c - Scorch                Fire           22%        2d5       94%         2
Your spell library was empty.

Dungeon Overview and Level Annotations

Branches:
Dungeon (6/15)
 Temple: D:4-7

Altars:
Gozag

Shops:
D:2 !=


Innate Abilities, Weirdness & Mutations

You are immune to sickness and miasma.
You are immune to poison.
Your flesh is very heat resistant. (rF++)
You are vulnerable to cold. (rC-)
You float through the air rather than walking.
You learn spells naturally, not from books.
Your magical power is your life essence.
You have superior vitality. (+4 MHP)
Armour fits poorly on your strangely shaped body.


Message History

No target in view!
No target in view!
No target in view!
No target in view!
No target in view!
No target in view!
No target in view!
No target in view!
You now have 251 gold pieces (gained 8).
You flicker for a moment.
You flicker back into view.
Your magical contamination has completely faded away.
You now have 270 gold pieces (gained 19).
An electric eel comes into view.
The electric eel shoots out a bolt of lightning at you!
The bolt of electricity hits the plant!
The plant begins to die.
The bolt of electricity hits you!
The electric eel shoots out a bolt of lightning at you!
The bolt of electricity hits you.
The electric eel shoots out a bolt of lightning at you!
The bolt of electricity hits you!
The electric eel shoots out a bolt of lightning at you!
The bolt of electricity misses you.
A nearby plant withers and dies.
The electric eel shoots out a bolt of lightning at you!
The bolt of electricity hits you!
The bolt of electricity hits the plant!
The plant begins to die.
The bolt of electricity hits the plant!
The bolt of electricity hits you.
* * * LOW HITPOINT WARNING * * *
You emit a cloud of colourful smoke!
You hit the electric eel.
The electric eel is moderately wounded.
You closely miss the electric eel.
The electric eel is moderately wounded.
The electric eel shoots out a bolt of lightning at you!
The bolt of electricity hits you!
* * * LOW HITPOINT WARNING * * *
The bolt of electricity hits the plant!
The bolt of electricity hits the plant.
The bolt of electricity hits you!
You die...

~.~~~~P~~. #...#..###
~~...~~PPPP♣# #.........
~~....~~~~~~ ##....#####
~~...~~~~~P♣##....## #
~P...♣P~~~♣♣...##.## #
P~...~~~≈~~♣.####..#####
~...~~~≈≈≈~~## ##......
~~...~P§§~♣## #......
~....~S@~P# #..####
~...~~§≈§P# ##.##
....~~P~~♣# ###..#
....~P~~~♣#####....#####
....~~~~P...............
....♣~~~P#....<.##......
.....~~~.###............
......P... ##...........
......#####....


You could see an electric eel.

Vanquished Creatures
  A water moccasin (D:5)
  An ice beast (D:5)
  Pargi (D:3)
  2 phantoms
  2 scorpions (D:5)
  A bombardier beetle (D:4)
  An orc priest (D:5)
  2 gnoll boudas (D:4)
  2 iguanas (D:6)
  Robin (D:2)
  7 adders
  10 gnolls
  A white imp (D:6)
  5 dart slugs
  A ribbon worm (D:3)
  8 orcs
  6 endoplasms
  2 giant cockroaches
  14 goblins
  11 hobgoblins
  4 jackals (D:2)
  4 quokkas
  13 ball pythons
  6 bats
  2 frilled lizards
  4 kobolds
  4 rats
116 creatures vanquished.

Vanquished Creatures (collateral kills)
  A phantom (D:4)
  An adder (D:4)
  A goblin (D:2)
3 creatures vanquished.

Vanquished Creatures (others)
  An eldritch tentacle (D:4)
1 creature vanquished.

Grand Total: 120 creatures vanquished

Notes
Turn   | Place    | Note
-------+----------+-------------------------------------------
     0 | D:1      | mdmota the Djinni Chaos Knight began the quest for the Orb.
     0 | D:1      | Reached XP level 1. HP: 20/20 MP: 0/0
    87 | D:1      | Reached XP level 2. HP: 25/25 MP: 0/0
   101 | D:1      | HP: 1/25 [frozen (1)]
   156 | D:1      | XOM: silly message
   219 | D:1      | XOM: silly message
   250 | D:1      | Reached XP level 3. HP: 30/30 MP: 0/0
   250 | D:1      | Learned a level 1 spell: Magic Dart
   339 | D:1      | XOM: cloud trail
   619 | D:2      | XOM: 2-stop teleportation journey
   688 | D:2      | Found Difellu's Jewellery Shoppe.
   803 | D:2      | Found Qinoarox's Distillery.
   973 | D:2      | XOM: noise
   977 | D:2      | XOM: torment (16/30 hp)
  1012 | D:2      | Reached XP level 4. HP: 34/35 MP: 0/0
  1106 | D:2      | XOM: noise
  1121 | D:2      | Noticed Robin
  1127 | D:2      | Killed Robin
  1319 | D:3      | Noticed Pargi
  1552 | D:4      | Reached XP level 5. HP: 41/41 MP: 0/0
  1552 | D:4      | Learned a level 2 spell: Static Discharge
  1585 | D:4      | Noticed a phantom
  1589 | D:4      | XOM: cast spell 'Summon Mana Viper'
  1595 | D:4      | Killed a phantom
  1596 | D:4      | Reached skill level 1 in Spellcasting
  1596 | D:4      | Reached skill level 1 in Conjurations
  1596 | D:4      | Reached skill level 1 in Hexes
  1596 | D:4      | Reached skill level 1 in Summonings
  1596 | D:4      | Reached skill level 1 in Necromancy
  1596 | D:4      | Reached skill level 1 in Translocations
  1596 | D:4      | Reached skill level 1 in Fire Magic
  1596 | D:4      | Reached skill level 1 in Ice Magic
  1596 | D:4      | Reached skill level 1 in Air Magic
  1596 | D:4      | Reached skill level 1 in Earth Magic
  1596 | D:4      | Reached skill level 1 in Alchemy
  1652 | D:4      | Reached XP level 6. HP: 47/47 MP: 0/0
  1688 | D:4      | XOM: cast spell 'Malign Gateway'
  1827 | D:4      | XOM: fake destruction
  1854 | D:4      | Reached XP level 7. HP: 51/53 MP: 0/0
  1854 | D:4      | Learned a level 2 spell: Scorch
  2035 | D:4      | XOM: 2-stop teleportation journey
  2303 | D:3      | XOM: god gift: 29 gold pieces
  2388 | D:3      | XOM: summons 2 friendly demons
  2550 | D:3      | XOM: cast spell 'Death Channel'
  2564 | D:3      | XOM: smoke on damage
  2565 | D:3      | Killed Pargi
  2601 | D:3      | XOM: give mutation
  2601 | D:3      | Gained mutation: Armour fits poorly on your strangely
                  | shaped body. [Xom's mischief]
  2676 | D:5      | Entered Level 5 of the Dungeon
  2775 | D:5      | XOM: summons friendly shadow imp
  2848 | D:5      | XOM: confusion
  2859 | D:5      | XOM: butterfly on damage
  2919 | D:5      | XOM: chaos cloud
  2963 | D:5      | Reached skill level 5 in Fighting
  2963 | D:5      | Reached XP level 8. HP: 40/59 MP: 0/0
  2966 | D:5      | XOM: enchant monster (bad)
  2973 | D:5      | XOM: blink monster(s)
  3002 | D:4      | XOM: cloud trail
  3091 | D:5      | Identified the +6 chain mail of a treasure trove {rC+}
  3190 | D:5      | XOM: summons friendly ufetubus
  3220 | D:5      | Found an opulent altar of Gozag.
  3263 | D:6      | XOM: potion effect (invisibility)
  3285 | D:5      | Reached skill level 5 in Maces & Flails
  3311 | D:6      | Reached skill level 1 in Stealth
  3409 | D:6      | XOM: smoke on damage
  3411 | D:6      | Killed from afar by an electric eel

Illustrated notes

Levels and vault maps discovered:
D:1:      beargit_arrival_greenhouse, layout_basic, minmay_close_crescents
D:2:      layout_loops_ring, serial_shops, shop, nicolae_shop_waterfront,
          minmay_shallow_snake_nest, uniq_robin
D:3:      minmay_bubble_buster, layout_rooms, minmay_misc_feat_enclosed,
          uniq_pargi
D:4:      layout_gridville
D:5:      layout_rooms, mainiacjoe_overflow_alcove_1, grunt_decor_one_mirror
D:6:      layout_layer_cave, mainiacjoe_overflow_catwalk, serial_bayou,
          serial_bayou_pond_a, serial_bayou_pond_b, serial_bayou_ford_a,
          serial_bayou_pond_b, minivault_11

Skill      XL: |  1  2  3  4  5  6  7  8 |
---------------+-------------------------+-----
Maces & Flails | 3 4 5 |  5.0
Fighting       | 4 5 |  5.5
Armour         | 2 3 |  3.1
Spellcasting   | 1 2 3 |  3.0
Conjurations   | 1 2 3 |  3.0
Hexes          | 1 2 3 |  3.0
Summonings     | 1 2 3 |  3.0
Necromancy     | 1 2 3 |  3.0
Translocations | 1 2 3 |  3.0
Fire Magic     | 1 2 3 |  3.0
Ice Magic      | 1 2 3 |  3.0
Air Magic      | 1 2 3 |  3.0
Earth Magic    | 1 2 3 |  3.0
Alchemy        | 1 2 3 |  3.0
Dodging        | 3 |  3.8
Stealth        | 1 |  1.0

Action                     |  1- 3 |  4- 6 |  7- 9 || total
---------------------------+-------+-------+-------++-------
  Melee: Mace              |    68 |       |       ||    68
         Flail             |    37 |    97 |    48 ||   182
         Morningstar       |       |       |    71 ||    71
         Punch             |       |       |     1 ||     1
   Cast: Magic Dart        |     3 |    24 |    29 ||    56
         Scorch            |       |       |    40 ||    40
   Stab: Sleeping          |       |     1 |       ||     1
         Invisible         |       |       |     1 ||     1
 Armour: Leather armour    |    68 |    99 |   125 ||   292
         Chain mail        |       |       |    41 ||    41
  Dodge: Dodged            |   104 |   104 |   121 ||   329
